 Dungeon Crawl Stone Soup version 0.31-a0-1540-g5a0b83f448 (webtiles) character file.

Game seed: 6607722351045384493

60663 freelancePsychic the Brawler (level 15, -36/120 HPs)
             Began as a Djinni Shapeshifter on Jan 2, 2024.
             Was a High Priest of Okawaru.
             Annihilated by a white ugly thing (42 damage)
             ... on level 13 of the Dungeon.
             The game lasted 00:37:52 (18751 turns).

freelancePsychic the Brawler (Djinni Shapeshifter) Turns: 18751, Time: 00:37:52

Health: -36/120    AC: 20    Str: 23    XL:     15   Next: 39%
Gold:   797        EV: 15    Int: 10    God:    Okawaru [*****.] SH:  0 Dex: 14

rFire   + +          .
                       - Unarmed
rCold   x . .        H - orb {light}
rNeg    . . .        y - +4 scale mail of Bitsossa {rElec Regen+ Stlth+}
rPois   ∞            U - +0 helmet
rElec   +            M - +1 cloak
rCorr   .            r - +0 pair of gloves
SInv    .            (boots unavailable)
Will    ++...        u - amulet of the acrobat
Stlth   +            g - +4 ring of protection
HPRegen 1.20/turn    (no ring)
MPRegen 0.00/turn

%: acrobat, clarity, infuse magic (-37 HP)
@: flying, glowing, studying 5 skills
A: sickness immunity, fire resistance 2, cold vulnerability 1, float, innate
caster, HP casting, extra vitality 1, clarity, strong-willed 1, strong 1
a: Renounce Religion, Heroism, Finesse, Duel


You were on level 13 of the Dungeon.
You worshipped Okawaru.
Okawaru was extremely pleased with you.
You visited 2 branches of the dungeon, and saw 18 of its levels.
You also visited: Trove and Gauntlet.

You collected 1282 gold pieces.
You spent 485 gold pieces at shops.

Inventory:

Hand Weapons
 R - the +12 eveningstar of Elun {flame, rF++}
   (Okawaru gifted it to you on level 2 of the Lair of Beasts)

   rF++:      It greatly protects you from fire.
Missiles
 e - 9 javelins
 s - a curare-tipped dart (quivered)
 K - 6 poisoned darts
Armour
 n - the +3 scale mail "Xousam" {Str+2 SInv}
   (You found it on level 2 of the Dungeon)

   Str+2:     It affects your strength (+2).
   SInv:      It lets you see invisible.
 r - a +0 pair of gloves (worn)
 y - the +4 scale mail of Bitsossa (worn) {rElec Regen+ Stlth+}
   (You bought it in a shop on level 11 of the Dungeon)

   rElec:     It insulates you from electricity.
   Regen+:    It increases your rate of health regeneration.
   Stlth+:    It makes you more stealthy.
 E - a +0 kite shield
 H - an orb of light (worn)
 M - a +1 cloak (worn)
 Q - the +9 ring mail of the Quahog {+Blink}
   (Okawaru gifted it to you on level 2 of the Lair of Beasts)

   +Blink:    It lets you blink.
 U - a +0 helmet (worn)
Jewellery
 g - a +4 ring of protection (left hand)
 u - an amulet of the acrobat (around neck)
 J - an amulet of faith
 L - the ring of Ywakhlam {rPois AC+4}
   (You found it in a Gauntlet)

   [ring of protection]

   AC+4:      It affects your AC (+4).
   rPois:     It protects you from poison
 O - an amulet of regeneration
 W - a ring of see invisible
Talismans
 c - a beast talisman
 d - a flux talisman
Wands
 t - a wand of acid (12)
 C - a wand of iceblast (13)
 I - a wand of paralysis (37)
 P - a wand of flame (11)
Scrolls
 h - 3 scrolls of vulnerability
 i - 2 scrolls of poison
 j - 8 scrolls of teleportation {@r4}
 l - 3 scrolls of enchant armour
 m - 3 scrolls of noise
 o - 4 scrolls of blinking
 q - 2 scrolls of fog
 v - 3 scrolls of revelation
 w - 5 scrolls of torment
 x - 2 scrolls of brand weapon
 F - a scroll of amnesia
 N - a scroll of butterflies
 S - a scroll of enchant weapon {unknown}
 V - 5 scrolls of identify {@r1}
 X - a scroll of fear
Potions
 a - a potion of heal wounds {@q2}
 b - 4 potions of lignification
 f - 7 potions of enlightenment
 k - 3 potions of attraction
 p - a potion of brilliance
 z - a potion of mutation
 A - a potion of invisibility {unknown}
 B - 4 potions of degeneration {unknown}
 D - a potion of ambrosia {unknown}
 G - 3 potions of curing {@q1}
 T - a potion of cancellation {unknown}


   Skills:
 + Level 15.2 Fighting
 - Level 5.1 Armour
 - Level 12.2 Dodging
 + Level 15.4 Unarmed Combat
 + Level 7.1 Invocations
 - Level 7.0 Shapeshifting


You knew the following spells:

 Your Spells              Type           Power      Damage    Failure   Level
a - Necrotise             Necr           0%         1d4       65%         1
b - Lesser Beckoning      Tloc           0%         N/A       80%         2
c - Frozen Ramparts       Ice            0%         1d1       95%         3
d - Dispel Undead         Necr           0%         3d6       100%        4
e - Summon Blazeheart Go  Fire/Summ      0%         N/A       100%        4
f - Fireball              Conj/Fire      0%         3d3       100%        5
g - Bombard               Conj/Erth      0%         9d1       100%        6
Your spell library was empty.


Dungeon Overview and Level Annotations

Branches:
Dungeon (13/15)            Temple (0/1) D:6            Lair (5/5) D:10
  Swamp (0/4) Lair:3        Snake (0/4) Lair:2        Slime (0/5) Lair:4
    Orc (0/2) D:12        Gauntlet (visited)
 Vaults: D:13-14

Altars:
Fedhas
Gozag
Okawaru
Qazlal
Ru
Uskayaw
Jiyva

Shops:
D:5 :   D:7 *   D:10 ?   D:11 [

Annotations:
D:10 2 transporters, voltaire321's ghost, novice DEIE
D:13 3 runed translucent doors, Curundu's ghost, journeyman MiBe
Lair:3 Fannar


Innate Abilities, Weirdness & Mutations

You are immune to sickness and miasma.
You are immune to poison.
Your flesh is very heat resistant. (rF++)
You are vulnerable to cold. (rC-)
You float through the air rather than walking.
You learn spells naturally, not from books.
Your magical power is your life essence.
You have superior vitality. (+4 MHP)
You possess an exceptional clarity of mind.
You are strong-willed. (Will+)
Your muscles are strong. (Str +4, Int/Dex -1)


Message History

You are too injured to fight recklessly!
You are too injured to fight recklessly!
You are too injured to fight recklessly!
You are too injured to fight recklessly!
You are too injured to fight recklessly!
You are too injured to fight recklessly!
You are too injured to fight recklessly!
You are too injured to fight recklessly!
You are too injured to fight recklessly!
You are too injured to fight recklessly!
You are too injured to fight recklessly!
You are too injured to fight recklessly!
You are too injured to fight recklessly!
You are too injured to fight recklessly!
You are too injured to fight recklessly!
You are too injured to fight recklessly!
You are too injured to fight recklessly!
You are too injured to fight recklessly!
You are too injured to fight recklessly!
You are too injured to fight recklessly!
You punch the white ugly thing!
The white ugly thing is heavily wounded.
The white ugly thing stings you. The white ugly thing freezes you!!
You feel a terrible chill!
You pummel the white ugly thing!!
The white ugly thing is almost dead.
You barely miss the white ugly thing.
The white ugly thing is almost dead.
The white ugly thing stings you! The white ugly thing freezes you!!!
You feel a terrible chill!
* * * LOW HITPOINT WARNING * * *
Aiming: Corrosive Bolt
Press: ? - help, Shift-Dir - straight line, f - white ugly thing
Aim: a white ugly thing (almost dead, haloed, 81% to hit)
The bolt of acid hits the white ugly thing!
The white ugly thing is almost dead.
The white ugly thing stings you!
* * * LOW HITPOINT WARNING * * *
The white ugly thing freezes you!!!
You feel a terrible chill!
You die...

.)....c+..## #......#
c?....l+...#####......#
WW?..WW+.......'......#
......W#...#####......#
......#..## #......#
######..# #.....># ...
....# #####'## . ..
.....# #.....# .######
#@##### #u# ... .....
#...... +......#
#......# #.....[#


You could see a white ugly thing.

Vanquished Creatures
  Rupert (Arena)
  A minotaur (Gauntlet)
  Snorg (D:11)
  4 hydras
  2 boulder beetles
  3 two-headed ogres
  Erica (D:8)
  A death yak (Lair:4)
  A hell hog (Lair:5)
  A tengu warrior (D:13)
  4 sixfirhies (Gauntlet)
  Lodul (D:12)
  2 glowing orange brains (Gauntlet)
  Pikel (D:6)
  An ugly thing (Gauntlet)
  2 deep elf pyromancers
  Maurice (D:11)
  11 elephants
  4 cyclopes
  A manticore (D:12)
  2 black mambas (Lair:4)
  7 cane toads
  A gargoyle (D:12)
  3 rime drakes
  2 efreet
  3 kobold demonologists
  A tengu conjurer (D:13)
  6 komodo dragons
  16 polar bears
  2 trolls (D:9)
  33 blink frogs
  A hornet (Lair:4)
  3 raiju (Lair:5)
  15 dream sheep (Lair:5)
  3 slime creatures
  4 wyverns
  3 wraiths
  33 yaks
  3 basilisks
  8 vampire mosquitoes
  A vampire (D:13)
  A steam dragon (D:9)
  4 wargs (Lair:5)
  3 nagas (Lair:2)
  An acid dragon (D:10)
  Duvessa (D:7)
  14 hell hounds (Lair:5)
  12 black bears
  14 water moccasins
  4 orc warriors
  2 ice beasts (D:10)
  7 centaurs
  7 ogres
  17 wolves
  2 lemures (D:7)
  A phantom (D:7)
  A kobold brigand (D:12)
  13 bullfrogs
  2 gnoll sergeants
  Blork the orc (D:4)
  2 scorpions
  4 wights (D:9)
  Dowan (D:7)
  8 killer bees
  2 howler monkeys
  4 hounds
  3 jellies
  3 orc priests
  A gnoll bouda (D:10)
  A sleepcap (D:7)
  3 iguanas
  Natasha (thrice) (D:4)
  12 hell rats
  9 orc wizards
  5 adders
  14 gnolls
  7 river rats
  2 shadow imps (D:8)
  3 dart slugs
  4 ribbon worms (D:5)
  20 orcs
  11 endoplasms
  5 giant cockroaches
  5 hobgoblins
  3 jackals (D:2)
  3 quokkas (D:1)
  7 ball pythons
  12 bats
  4 frilled lizards
  7 goblins
  10 kobolds
  19 rats
498 creatures vanquished.

Vanquished Creatures (others)
  A black bear (Lair:5)
1 creature vanquished.

Grand Total: 499 creatures vanquished

Notes
Turn   | Place    | Note
-------+----------+-------------------------------------------
     0 | D:1      | freelancePsychic the Djinni Shapeshifter began the quest
                  | for the Orb.
     0 | D:1      | Reached XP level 1. HP: 17/17 MP: 0/0
   158 | D:1      | Reached XP level 2. HP: 19/22 MP: 0/0
   330 | D:1      | Reached XP level 3. HP: 28/28 MP: 0/0
   330 | D:1      | Learned a level 1 spell: Necrotise
   710 | D:2      | Found a faded altar of an unknown god.
   721 | D:2      | Prayed at the altar of an unknown god.
   721 | D:2      | Became a worshipper of Warmaster Okawaru
   721 | D:2      | Reached * piety under Okawaru
   825 | D:2      | Identified the +1 leather armour of Noon {Rampage}
   852 | D:2      | Identified the +3 scale mail "Xousam" {Str+2 SInv}
  1331 | D:3      | Reached XP level 4. HP: 33/33 MP: 0/0
  1451 | D:3      | Reached skill level 1 in Invocations
  1774 | D:4      | Noticed a black bear
  1786 | D:4      | Killed a black bear
  1787 | D:4      | Reached XP level 5. HP: 39/39 MP: 0/0
  1787 | D:4      | Learned a level 2 spell: Lesser Beckoning
  1821 | D:4      | Reached XP level 6. HP: 38/45 MP: 0/0
  1885 | D:4      | Noticed Natasha
  1890 | D:4      | Killed Natasha
  1938 | D:4      | Found a stormy altar of Qazlal.
  1961 | D:4      | Noticed Natasha
  1969 | D:4      | Killed Natasha
  2030 | D:4      | Noticed Natasha
  2035 | D:4      | Killed Natasha
  2078 | D:4      | Noticed Blork the orc
  2086 | D:4      | Killed Blork the orc
  2346 | D:5      | Entered Level 5 of the Dungeon
  2355 | D:5      | Found Isexto's Book Boutique.
  2373 | D:5      | Reached ** piety under Okawaru
  2374 | D:5      | Reached XP level 7. HP: 49/50 MP: 0/0
  2374 | D:5      | Learned a level 3 spell: Frozen Ramparts
  2425 | D:5      | Found a hide-covered altar of Uskayaw.
  2447 | D:5      | Noticed a water moccasin
  2458 | D:5      | Killed a water moccasin
  2477 | D:5      | Noticed a water moccasin
  2494 | D:5      | Killed a water moccasin
  2496 | D:5      | Reached skill level 5 in Unarmed Combat
  2535 | D:5      | Reached XP level 8. HP: 53/58 MP: 0/0
  2658 | D:5      | Found a glowing drain.
  2872 | D:5      | You are sucked into a shaft and drop 2 floors!
  2921 | D:7      | Reached skill level 5 in Fighting
  2921 | D:7      | Reached skill level 5 in Shapeshifting
  3107 | D:7      | Reached *** piety under Okawaru
  3256 | D:6      | Found an opulent altar of Gozag.
  3310 | D:6      | Noticed Pikel
  3322 | D:7      | Noticed Duvessa
  3328 | D:7      | Noticed Dowan
  3340 | D:7      | Killed Duvessa
  3342 | D:7      | Killed Dowan
  3343 | D:7      | Reached XP level 9. HP: 47/65 MP: 0/0
  3343 | D:7      | Learned a level 4 spell: Dispel Undead
  3866 | D:7      | Found a blossoming altar of Fedhas.
  4023 | D:7      | Found Piomo's Assorted Antiques.
  4029 | D:7      | Bought a scroll labelled XARCHE YTYNK for 29 gold pieces
  4029 | D:7      | Bought a fuming pink potion for 26 gold pieces
  4899 | D:6      | Killed Pikel
  4901 | D:6      | Found a staircase to the Ecumenical Temple.
  5115 | D:8      | Noticed Erica
  5126 | D:8      | Killed Erica
  5126 | D:8      | Reached **** piety under Okawaru
  5127 | D:8      | Reached XP level 10. HP: 66/75 MP: 0/0
  5202 | D:8      | Found a sacrificial altar of Ru.
  5881 | D:9      | Reached ***** piety under Okawaru
  5885 | D:9      | Noticed a deep elf pyromancer
  5892 | D:9      | Killed a deep elf pyromancer
  6126 | D:9      | Noticed a kobold demonologist
  6137 | D:9      | Killed a kobold demonologist
  6138 | D:9      | Reached XP level 11. HP: 45/84 MP: 0/0
  6138 | D:9      | Learned a level 4 spell: Summon Blazeheart Golem
  6303 | D:9      | Received a gift from Okawaru
  6356 | D:9      | Identified the +3 flail "Kaafrimi" {flame, ^Fragile Will+++
                  | Dex+3 SInv}
  6377 | D:9      | Reached skill level 10 in Unarmed Combat
  7192 | D:10     | Entered Level 10 of the Dungeon
  7247 | D:10     | Found an iron altar of Okawaru.
  7382 | D:10     | Reached skill level 5 in Invocations
  7385 | D:10     | Reached skill level 10 in Fighting
  7674 | D:10     | Found a transporter.
  7685 | D:10     | Noticed a two-headed ogre
  7697 | D:10     | Killed a two-headed ogre
  7724 | D:10     | Found a transporter.
  7731 | D:10     | Noticed voltaire321's ghost (novice DEIE)
  7731 | D:10     | Noticed an ogre mage
  7732 | D:10     | Noticed a two-headed ogre
  7751 | D:10     | Noticed a boulder beetle
  7903 | D:11     | Found a portal to a secret trove of treasure.
  7905 | D:11     | Noticed a cyclops
  8145 | D:10     | Found a staircase to the Lair.
  8289 | D:10     | Found Waproo's Magic Scroll Emporium.
  8292 | D:10     | Bought a scroll of fear for 56 gold pieces
  8292 | D:10     | Bought a scroll of vulnerability for 56 gold pieces
  8292 | D:10     | Bought a scroll of identify for 28 gold pieces
  8292 | D:10     | Bought a scroll of identify for 28 gold pieces
  8292 | D:10     | Bought a scroll of identify for 28 gold pieces
  8429 | D:11     | Noticed a two-headed ogre
  8449 | D:10     | Gained mutation: You possess an exceptional clarity of
                  | mind. [potion of mutation]
  8449 | D:10     | Gained mutation: Your muscles are strong. (Str +4, Int/Dex
                  | -1) [potion of mutation]
  8449 | D:10     | Gained mutation: You are strong-willed. (Will+) [potion of
                  | mutation]
  8456 | D:10     | Killed a two-headed ogre
  8787 | D:11     | Reached XP level 12. HP: 81/93 MP: 0/0
  9232 | D:11     | Noticed Maurice
  9245 | D:11     | Killed Maurice
  9270 | D:11     | Identified the +9 dagger "Zicro" {flame, rF- rC+ Dex+8
                  | SInv}
  9408 | D:11     | Received a gift from Okawaru
  9418 | D:11     | Found Ecaepuon's Antique Armour Shoppe.
  9425 | D:11     | Bought a faintly glowing scale mail for 234 gold pieces
  9425 | D:11     | Identified the +4 scale mail of Bitsossa {rElec Regen+
                  | Stlth+} (You bought it in a shop on level 11 of the
                  | Dungeon)
  9497 | D:11     | Noticed Snorg
  9508 | D:11     | Killed Snorg
  9509 | D:11     | Reached skill level 5 in Dodging
  9831 | Lair:1   | Entered Level 1 of the Lair of Beasts
 11384 | Lair:2   | Found a staircase to the Snake Pit.
 11392 | Lair:2   | Received a gift from Okawaru
 11445 | Lair:2   | Noticed a boulder beetle
 11456 | Lair:2   | Killed a boulder beetle
 11787 | Lair:2   | Reached XP level 13. HP: 76/101 MP: 0/0
 11787 | Lair:2   | Learned a level 5 spell: Fireball
 11828 | Lair:2   | Received a gift from Okawaru
 12009 | Lair:2   | Identified the +1 robe of Gozag's Generosity {rPois rC+
                  | Int+2}
 12635 | Lair:3   | Found a staircase to the Swamp.
 13387 | Lair:3   | Reached ****** piety under Okawaru
 13393 | Lair:2   | Acquired the +9 ring mail of the Quahog {+Blink}
 13393 | Lair:2   | Received a gift from Okawaru
 13405 | Lair:2   | Acquired the +12 eveningstar of Elun {flame, rF++}
 13405 | Lair:2   | Received a gift from Okawaru
 13513 | Trove    | Entered a treasure trove
 13763 | Lair:3   | Reached skill level 1 in Armour
 14406 | Lair:3   | Noticed Fannar
 14935 | Lair:4   | Noticed a seven-headed hydra
 15090 | Lair:4   | Reached XP level 14. HP: 110/110 MP: 0/0
 15612 | Lair:4   | Found a staircase to the Slime Pits.
 15612 | Lair:4   | Found a viscous altar of Jiyva.
 15958 | Lair:5   | Entered Level 5 of the Lair of Beasts
 16018 | Lair:5   | Found a gate leading to a gauntlet.
 16145 | Gauntlet | Entered a Gauntlet
 16145 | Gauntlet | Found a transporter.
 16145 | Gauntlet | Found a transporter.
 16145 | Gauntlet | Found a transporter.
 16185 | Gauntlet | Found a transporter.
 16188 | Gauntlet | Found a transporter.
 16202 | Gauntlet | Found a transporter.
 16225 | Gauntlet | Found a transporter.
 16246 | Gauntlet | Found a transporter.
 16267 | Gauntlet | Found a transporter.
 16273 | Gauntlet | Found a transporter.
 16291 | Gauntlet | Found a transporter.
 16349 | Gauntlet | Found a transporter.
 16389 | Gauntlet | Reached skill level 10 in Dodging
 16476 | Gauntlet | Identified the ring of Ywakhlam {rPois AC+4}
 16496 | Gauntlet | Identified the +5 mace "Pyoptik" {freeze, Str+4 Int+3}
 16496 | Gauntlet | Noticed a minotaur
 16512 | Gauntlet | Killed a minotaur
 17399 | Lair:5   | Reached skill level 15 in Unarmed Combat
 17404 | Lair:5   | Reached XP level 15. HP: 118/118 MP: 0/0
 17404 | Lair:5   | Learned a level 6 spell: Bombard
 17432 | Lair:5   | Reached skill level 5 in Armour
 17567 | Lair:5   | Identified the +5 mace of Jycsita {flame, rElec rC+ rN+
                  | Will+}
 17889 | D:12     | Found a staircase to the Orcish Mines.
 18015 | D:12     | Noticed Lodul
 18028 | D:12     | Killed Lodul
 18042 | D:12     | Reached skill level 15 in Fighting
 18164 | D:12     | Noticed Rupert
 18173 | Arena    | Entered the Arena
 18186 | Arena    | Killed Rupert
 18629 | D:13     | Noticed Curundu's ghost (journeyman MiBe)
 18712 | D:13     | Found a runed translucent gate.
 18713 | D:13     | Found a runed translucent gate.
 18715 | D:13     | Found a runed translucent gate.
 18751 | D:13     | HP: 6/120 [white ugly thing (11)]
 18751 | D:13     | Annihilated by a white ugly thing

Illustrated notes

Levels and vault maps discovered:
D:1:      dpeg_arrival_snail, layout_basic, minmay_box_of_dots
D:2:      layout_basic, hellmonk_ecumenical_altar_arch_garden
D:3:      layout_rooms
D:4:      layout_cave_pools, mainiacjoe_overflow_brackets, lemuel_tele_altar,
          uniq_natasha, uniq_blork_the_orc
D:5:      layout_rooms, old_standard_altar, nicolae_vehumet_altar_sigil,
          serial_shops, shop, lightli_sewer_entry_pipes, moated_statue
D:6:      layout_loops_cross, mainiacjoe_overflow_six_doors_small,
          minmay_temple_entry_gardened_gates, kennysheep_flooded_box,
          roderic_batcave, uniq_pikel
D:7:      layout_cave_pods, mainiacjoe_overflow_tiny_flanked, serial_shops,
          nicolae_shop_rolling_square, serial_rivers,
          chequers_serial_rivers_room_a, chequers_serial_rivers_room_b,
          chequers_serial_rivers_small_3, chequers_serial_rivers_small_3,
          chequers_serial_rivers_micro_a, uniq_duvessa
D:8:      layout_gridville, mainiacjoe_overflow_alcove_2, uniq_erica
D:9:      layout_roguey, amethyst_killhole, kennysheep_generic_room_11
D:10:     layout_loops_ring, mainiacjoe_overflow_paths, hellmonk_lair_entry_icy,
          serial_glass, glass_columns_c, glass_columns_b, nzn_ghost_randoct,
          serial_shops, nicolae_shop_rolled_up
D:11:     layout_cave_pools, serial_shops, shop, enter_trove_0, uniq_maurice,
          uniq_snorg
D:12:     layout_roguey, orc_0_dummy, uniq_lodul, uniq_rupert
D:13:     layout_roguey, gammafunk_ghost_split, serial_shops,
          nicolae_shop_peninsula
Lair:1:   layout_cave_pods
Lair:2:   layout_loops_ring, minmay_snake_entry_guardpost_small, minivault_24,
          cheibrodos_lair_lostbears
Lair:3:   layout_big_grid, minmay_swamp_entry_swarm, uniq_fannar
Lair:4:   layout_cave_pods, nicolae_slime_entry_slimehenge,
          kennysheep_abandoned_house
Lair:5:   hangedman_lair_caniforms_friends, layout_loops_ring,
          gauntlet_entry_generic

Skill      XL: |  1  2  3  4  5  6  7  8  9 10 11 12 13 14 15 |
---------------+----------------------------------------------+-----
Shapeshifting  | 3 4 5 6 7 |  7.0
Fighting       | 2 3 4 5 7 9 10 12 13 14 15 | 15.2
Invocations    | 2 3 6 7 |  7.1
Unarmed Combat | 4 5 6 8 9 11 12 13 15 | 15.4
Dodging        | 3 7 8 12 | 12.2
Armour         | 4 5 |  5.1

Action                     |  1- 3 |  4- 6 |  7- 9 | 10-12 | 13-15 || total
---------------------------+-------+-------+-------+-------+-------++-------
  Melee: Unarmed           |   103 |    80 |   224 |   537 |   860 ||  1804
         Punch             |     2 |     2 |    13 |       |       ||    17
  Throw: Dart              |       |     9 |     6 |     8 |     3 ||    26
 Invoke: Heroism           |       |       |     7 |     8 |    11 ||    26
         Finesse           |       |       |       |     1 |     1 ||     2
         Receive Weapon    |       |       |       |       |     1 ||     1
         Receive Armour    |       |       |       |       |     1 ||     1
         Duel              |       |       |       |       |     1 ||     1
Ability: Begin Untransform |       |       |       |       |     1 ||     1
  Evoke: Wand              |       |       |     4 |     9 |     1 ||    14
    Use: Scroll            |       |     2 |       |    10 |     7 ||    19
         Potion            |       |       |       |     5 |     8 ||    13
   Stab: Paralysed         |       |       |       |     4 |       ||     4
 Armour: Animal skin       |    52 |       |       |       |       ||    52
         Scale mail        |     3 |    36 |   143 |   373 |   551 ||  1106
         Skin              |       |       |       |    21 |       ||    21
         Ring mail         |       |       |       |       |   146 ||   146
  Dodge: Dodged            |    61 |    37 |   129 |   382 |   739 ||  1348
   Form: Flux              |       |       |       |     1 |       ||     1
         Beast             |       |       |       |     1 |       ||     1

Table legend: (Time is in decaauts)
 A = Elapsed time spent in this place.
 B = Non-inter-level travel time spent in this place.
 C = Inter-level travel time spent in this place.
 D = Time resting spent in this place.
 E = Time spent auto-exploring this place.
 F = Levels seen in this place.
 G = Mean time per level.
                   A        B        C        D        E       F      G
               +--------+--------+--------+--------+--------+-----+--------+
         Total |  18352 |  17223 |   1129 |   1389 |  12439 |  21 |  873.9 |
       Dungeon |  11010 |  10362 |    648 |    720 |   7837 |  13 |  846.9 |
          Lair |   6840 |   6359 |    481 |    633 |   4331 |   5 | 1368.0 |
         Trove |     71 |     71 |      0 |      0 |      0 |   1 |   71.0 |
      Gauntlet |    405 |    405 |      0 |     24 |    271 |   1 |  405.0 |
         Arena |     24 |     24 |      0 |     11 |      0 |   1 |   24.0 |
               +--------+--------+--------+--------+--------+-----+--------+

Top non-repeatable levels by time:
  Lair:2: 2296 daAuts
    D:10: 1939 daAuts
     D:9: 1665 daAuts
     D:7: 1364 daAuts
  Lair:1: 1354 daAuts
  Lair:4: 1272 daAuts
  Lair:5: 1095 daAuts
  Lair:3: 820 daAuts
    D:11: 773 daAuts
     D:6: 734 daAuts
     D:2: 671 daAuts
     D:8: 662 daAuts
     D:1: 633 daAuts
     D:5: 625 daAuts
    D:12: 604 daAuts
